Map: Ruins of Seras

Players

Cereal - Winner!

  • Race: Zerg Zerg
  • League: Master

Railgun

  • Race: Protoss Protoss
  • League: Diamond

VOD

Have the link to the VOD?

Description

Time

  • Played on: Nov. 24, 2015, 6:39 p.m.
  • Length: 8:30
Show
View Real Time Build Order
Export as new Build Order

Cereal Zerg - Winner!

Build Orders: Hatch First 

Get SALT Encoding   

  12  0:01  Drone  
  13  0:12  Overlord  
  13  0:18  Drone  
  14  0:31  Drone x2  
  14  0:34  Drone  
  17  0:53  Hatchery  
  17  0:56  Drone  
  17  1:00  Drone  
  17  1:02  Extractor  
  17  1:07  Drone  
  18  1:20  Spawning Pool  
  18  1:24  Drone  
  18  1:28  Drone  
  19  1:38  Overlord  
  19  2:06  Queen x2  
  19  2:07  Zergling x2  
  19  2:08  Zergling x4  
  26  2:12  Metabolic Boost  
  26  2:16  Drone  
  26  2:18  Drone  
  28  2:23  Drone  
  28  2:28  Drone  
  30  2:33  Overlord  
  30  2:54  Queen  
  30  2:55  Hatchery  
  31  3:02  Drone x3  
  31  3:05  Drone  
  35  3:06  Drone  
  35  3:09  Drone  
  37  3:26  Drone x7  
  44  3:31  Drone, Extractor  
  44  3:32  Extractor  
  41  3:43  Overlord  
  41  3:51  Roach Warren  
  39  3:56  Drone x2  
  39  3:57  Drone x3  
  39  4:02  Drone  
  45  4:04  Overlord  
  45  4:17  Drone x6  
  45  4:21  Drone  
  45  4:24  Drone  
  53  4:26  Overlord  
  53  4:32  Roach  
  53  4:33  Roach x3  
  53  4:34  Roach  
  53  4:36  Roach  
  65  4:41  Lair  
  65  4:47  Evolution Chamber, Drone  
  65  4:49  Evolution Chamber, Drone  
  65  4:57  Drone x2  
  65  4:58  Drone x2  
  65  4:59  Overlord  
  69  5:00  Extractor  
  69  5:02  Drone x2  
  69  5:04  Drone x2  
  72  5:07  Drone  
  72  5:08  Drone  
  74  5:17  Overlord x2  
  74  5:19  Drone  
  74  5:20  Drone x3  
  78  5:24  Zerg Missile Weapons Level 1  
  78  5:27  Zerg Ground Armor Level 1  
  78  5:30  Drone x2  
  78  5:31  Drone  
  78  5:32  Drone  
  82  5:36  Extractor  
  82  5:37  Drone x3  
  82  5:38  Extractor  
  82  5:39  Glial Reconstitution  
  83  5:56  Roach x4  
  83  5:57  Overlord x2, Roach x3  
  97  6:01  Overlord  
  97  6:03  Overseer  
  97  6:04  Pneumatized Carapace  
  97  6:13  Drone  
  97  6:18  Roach  
  100  6:19  Roach x7  
  100  6:24  Ravager x3  
  100  6:25  Ravager x4  
  121  6:28  Ravager  
  121  6:29  Overlord x2  
  121  6:30  Overlord  
  122  6:50  Roach  
  122  6:51  Roach x8  
  122  6:54  Zergling x4  
  144  7:01  Roach  
  144  7:02  Overlord, Roach  
  144  7:03  Hatchery, Overlord  
  145  7:10  Zergling x2  
  141  7:38  Roach  
  141  7:39  Roach x13  
  154  7:47  Roach x2  
  154  7:48  Roach x2  
  154  7:51  Ravager x3  
  162  7:53  Ravager x2  
  162  7:56  Overlord x3  
  161  8:08  Overlord x3  
  161  8:12  Hatchery  
  157  8:14  Hydralisk Den  
Show
View Real Time Build Order
Export as new Build Order

Railgun Protoss 

Build Orders: Nexus First 

Get SALT Encoding   

  12  0:01  Probe (Chrono Boost)  
  13  0:11  Probe (Chrono Boost)  
  14  0:20  Pylon  
  14  0:23  Probe (Chrono Boost)  
  15  0:38  Probe (Chrono Boost)  
  16  0:49  Probe (Chrono Boost)  
  17  1:01  Nexus  
  17  1:04  Probe (Chrono Boost)  
  18  1:17  Gateway  
  18  1:20  Probe (Chrono Boost)  
  19  1:30  Probe (Chrono Boost)  
  19  1:32  Pylon  
  20  1:38  Assimilator  
  20  1:41  Probe (Chrono Boost)  
  20  1:42  Assimilator  
  21  1:51  Probe (Chrono Boost)  
  22  2:06  Cybernetics Core  
  22  2:10  Probe (Chrono Boost)  
  22  2:13  Zealot  
  25  2:17  Probe (Chrono Boost)  
  25  2:21  Probe (Chrono Boost)  
  27  2:27  Probe (Chrono Boost)  
  28  2:33  Probe (Chrono Boost)  
  29  2:38  Probe (Chrono Boost)  
  29  2:43  Probe (Chrono Boost)  
  31  2:46  Warp Gate  
  31  2:49  Mothership Core (Chrono Boost)  
  31  2:50  Adept  
  35  2:54  Probe (Chrono Boost)  
  36  3:00  Gateway  
  36  3:04  Probe (Chrono Boost)  
  37  3:05  Gateway  
  37  3:08  Pylon  
  37  3:11  Probe (Chrono Boost)  
  37  3:15  Probe (Chrono Boost)  
  38  3:21  Probe (Chrono Boost)  
  38  3:25  Probe (Chrono Boost)  
  40  3:28  Pylon  
  40  3:32  Probe (Chrono Boost)  
  40  3:33  Sentry  
  43  3:36  Probe (Chrono Boost)  
  44  3:43  Probe (Chrono Boost)  
  45  3:57  Sentry, Adept  
  45  3:58  Probe (Chrono Boost)  
  45  3:59  Probe (Chrono Boost)  
  45  4:01  Assimilator x2  
  51  4:08  Probe (Chrono Boost)  
  52  4:12  Nexus  
  52  4:17  Forge  
  52  4:20  Pylon  
  52  4:24  Pylon  
  52  4:28  Probe (Chrono Boost)  
  52  4:29  Probe (Chrono Boost)  
  55  4:38  Probe (Chrono Boost)  
  55  4:45  Stargate  
  55  4:46  Stargate  
  55  4:50  Protoss Ground Weapons Level 1, Photon Cannon  
  55  4:52  Gateway  
  55  4:58  Gateway  
  55  4:59  Probe (Chrono Boost)  
  56  5:01  Probe (Chrono Boost)  
  56  5:03  Sentry  
  59  5:10  Probe (Chrono Boost)  
  59  5:12  Probe (Chrono Boost)  
  61  5:20  Probe (Chrono Boost)  
  62  5:22  Probe (Chrono Boost)  
  62  5:25  Probe (Chrono Boost)  
  64  5:31  Probe (Chrono Boost)  
  64  5:33  Probe (Chrono Boost)  
  66  5:36  Probe (Chrono Boost), Phoenix x2  
  66  5:41  Probe (Chrono Boost)  
  72  5:42  Photon Cannon  
  72  5:44  Probe (Chrono Boost)  
  72  5:45  Photon Cannon  
  72  5:46  Probe (Chrono Boost)  
  74  5:52  Probe (Chrono Boost)  
  74  5:54  Probe (Chrono Boost)  
  74  5:56  Adept x2  
  74  5:57  Probe (Chrono Boost)  
  81  5:59  Sentry  
  81  6:01  Phoenix (Chrono Boost)  
  81  6:02  Probe  
  81  6:03  Probe  
  86  6:05  Phoenix (Chrono Boost)  
  86  6:08  Probe  
  90  6:20  Twilight Council  
  90  6:21  Probe, Pylon  
  90  6:25  Assimilator  
  91  6:27  Assimilator  
  91  6:28  Pylon  
  91  6:30  Pylon  
  91  6:32  Phoenix (Chrono Boost)  
  93  6:33  Pylon  
  93  6:39  Probe  
  96  6:40  Phoenix (Chrono Boost)  
  96  6:42  Probe  
  96  6:46  Pylon x2  
  97  6:54  Adept x4  
  97  6:55  Adept  
  97  6:56  Phoenix (Chrono Boost)  
  97  6:59  Probe x2  
  111  7:05  Pylon  
  111  7:06  Phoenix (Chrono Boost)  
  113  7:19  Adept x4  
  108  7:43  Pylon  
  77  7:53  Adept x3  
  78  8:01  Gateway, Phoenix (Chrono Boost)  
  78  8:03  Gateway, Phoenix (Chrono Boost)  
  70  8:15  Adept x3  
  72  8:26  Pylon  
Tags
 
Add a new tag
Caveats
  • Supply blocks, unpowered buildings, or Contaminate may cause inaccurate times.
  • Supply counts are checked every 10 seconds.